 Dungeon Crawl Stone Soup version 0.28-a0-422-gd71735cc25 (webtiles) character file.

Game seed: 10818200027872084419

14238 olmar the Thaumaturge (level 12, -15/81 HPs)
             Began as a Djinni Fire Elementalist on Sept 8, 2021.
             Was an Initiate of Gozag.
             Demolished by a white ugly thing (42 damage)
             ... on level 10 of the Dungeon.
             The game lasted 00:37:22 (16073 turns).

olmar the Thaumaturge (Djinni Fire Elementalist)   Turns: 16073, Time: 00:37:23

Health: -15/81     AC:  4    Str:  7    XL:     12   Next: 42%
Gold:   1503       EV: 16    Int: 22    God:    Gozag SH:  5 Dex: 18

rFire   + + +      SeeInvis .   O - +8 long sword of Checks and Balances {freeze, Dex+4}
rCold   x x .      Faith    .   (no shield)
rNeg    . . .      Spirit   .   a - +0 robe
rPois   ∞          Reflect  +   l - +0 helmet
rElec   .          Harm     .   q - +0 cloak
rCorr   +          Rampage  .   (no gloves)
Will    +....                   (boots unavailable)
Stlth   ++++......              B - amulet of reflection
HPRegen 0.23/turn               d - ring of resist corrosion
MPRegen 0.00/turn               w - ring of fire

@: flying
A: sickness immunity, fire resistance 2, cold vulnerability 1, float, innate
caster, hp casting, extra vitality 1
a: Renounce Religion, Potion Petition, Call Merchant, Bribe Branch


You were on level 10 of the Dungeon.
You worshipped Gozag.
Gozag was most pleased with you.
You visited 1 branch of the dungeon, and saw 10 of its levels.
You also visited: Ossuary.

You collected 1614 gold pieces.
You paid 111 gold pieces to Gozag.

Inventory:

Hand Weapons
 s - a +2 vampiric hand axe
 O - the +8 long sword of Checks and Balances (weapon) {freeze, Dex+4}
   (You found it on level 5 of the Dungeon)

   It freezes those it strikes, dealing additional cold damage.
   It can also slow down cold-blooded creatures.
   Dex:       It affects your dexterity (+4).
Missiles
 o - 36 poisoned darts
 x - 2 throwing nets
Armour
 a - a +0 robe (worn)
 f - +0 steam dragon scales
 l - a +0 helmet (worn)
 q - a +0 cloak (worn)
Jewellery
 d - a ring of resist corrosion (left hand)
 h - a +4 ring of protection
 w - a ring of fire (right hand)
 B - an amulet of reflection (around neck)
 H - a ring of willpower
Wands
 c - a wand of charming (9)
 y - a wand of iceblast (44)
 F - a wand of flame (11)
 K - a wand of polymorph (5)
Scrolls
 g - 2 scrolls of summoning
 i - a scroll of silence {unknown}
 k - 5 scrolls of teleportation
 p - 6 scrolls of noise {unknown}
 r - 4 scrolls of amnesia {unknown}
 t - a scroll of immolation {unknown}
 z - 3 scrolls of enchant armour
 C - 5 scrolls of magic mapping
 D - a scroll of brand weapon
 G - 4 scrolls of identify
 L - 2 scrolls of blinking {unknown}
 M - a scroll of fog {unknown}
 P - a scroll of torment {unknown}
Potions
 b - 2 potions of attraction
 e - a potion of ambrosia
 j - 3 potions of might
 m - 6 potions of curing
 n - 2 potions of brilliance
 u - 4 potions of haste {unknown}
 v - a potion of cancellation {unknown}
 A - a potion of flight
 E - a potion of magic {unknown}
 J - a potion of invisibility {unknown}
 N - 2 potions of degeneration {unknown}


   Skills:
 + Level 5.0 Fighting
 + Level 2.2 Long Blades
 + Level 7.0 Dodging
 + Level 6.5 Stealth
 + Level 2.3 Shields
 + Level 12.2 Spellcasting


You had 8 spell levels left.
You knew the following spells:

 Your Spells              Type           Power      Damage    Failure   Level
a - Foxfire               Conj/Fire      100%       2x1d9     1%          1
b - Scorch                Fire           100%       2d10      1%          2
c - Conjure Flame         Conj/Fire      79%        6-21      1%          3
d - Inner Flame           Hex/Fire       79%        N/A       1%          3
e - Flame Wave            Conj/Fire      79%        3d13      1%          4
f - Beastly Appendage     Tmut           100%       N/A       1%          1
g - Poisonous Vapours     Pois/Air       100%       N/A       1%          2
h - Lesser Beckoning      Tloc           61%        N/A       1%          3
i - Summon Guardian Gole  Hex/Summ       61%        N/A       1%          3
j - Summon Mana Viper     Hex/Summ       61%        N/A       1%          5
Your spell library was empty.

Dungeon Overview and Level Annotations

Branches:
Dungeon (10/15)            Temple (0/1) D:5            Lair (0/6) D:10
    Orc (0/2) D:9         Ossuary (visited)

Altars:
Ashenzari
Gozag
Hepliaklqana
Kikubaaqudgha
Makhleb
Vehumet
Wu Jian

Shops:
D:1 [   D:5 **   D:6 *   D:7 (   D:9 :

Annotations:
D:8 3 runed translucent doors, yellowboar's ghost, novice MiBe


Innate Abilities, Weirdness & Mutations

You are immune to sickness and miasma.
You are immune to poison.
Your flesh is very heat resistant. (rF++)
You are vulnerable to cold. (rC-)
You float through the air rather than walking.
You learn spells naturally, not from books.
Your magical power is your life essence.
You have superior vitality. (+4 HP)


Message History

The brown ugly thing pecks you!
You are splashed with acid.
You resist.
Unknown command.
You slash the brown ugly thing! You freeze the brown ugly thing.
The brown ugly thing is almost dead.
The brown ugly thing is engulfed in blazing flames.
You kill the brown ugly thing!
Unknown command.
Casting: Foxfire (safe; 1% risk of failure)
Confirm with . or Enter, or press ? or * to list all spells.
You feel a surge of power!
Flames lash the red ugly thing.
The red ugly thing resists.
The red ugly thing is lightly wounded.
The red ugly thing's fire resistance burns away.
The red ugly thing is engulfed in blazing flames.
The red ugly thing claws you!
You are engulfed in flames.
You resist.
You hit the red ugly thing. You freeze the red ugly thing.
The red ugly thing is heavily wounded.
The red ugly thing is engulfed in blazing flames.
The red ugly thing claws you.
* * * LOW HITPOINT WARNING * * *
You are engulfed in flames.
You resist.
* * * LOW HITPOINT WARNING * * *
Unknown command.
You feel much better.
The red ugly thing is engulfed in blazing flames.
The red ugly thing claws you!
You are engulfed in flames.
You resist.
Unknown command.
You hit the red ugly thing. You freeze the red ugly thing.
You kill the red ugly thing!
Your Fighting skill increases to level 5!
Your Long Blades skill increases to level 2!
Unknown command.
You slash the white ugly thing! You freeze the white ugly thing.
The white ugly thing is lightly wounded.
The white ugly thing is engulfed in blazing flames.
The white ugly thing punches you. The white ugly thing freezes you!!!
You feel a terrible chill!
Ouch! That really hurt!
You die...
Your body crumbles into a pile of gold.

≈......≈≈ $ #......≈# $
#≈.....≈# $ $ #≈..uu.≈#
$ ######## #≈....u≈
##....... # #...≈≈
#.####... # ##'#######
#.####..# #####
#.....u@.# #.##.....
....#
##...###.#######.##.....
###.#
######§............#..#
#.# #..#######.......#
#.# #..# ####.#.## #.#
#..# #.#.# #.# #..#
#.#.# #.# #..# #...# #.#
#..# #..##


You could see a white ugly thing.

Vanquished Creatures
  A hydra (D:6)
  Pikel (D:7)
  5 ugly things (D:10)
  Maggie (D:7)
  A hellwing (D:9)
  A shadow (D:9)
  2 wyverns
  6 yaks
  A steam dragon (D:7)
  A vampire mosquito (D:6)
  2 two-headed ogre zombies (D:9)
  2 water moccasins
  2 black bears
  4 orc warriors
  2 ice beasts
  2 ogres
  3 necrophages
  3 centaurs
  2 phantoms
  An elf zombie (D:5)
  2 lemures (D:7)
  3 scorpions
  7 bullfrogs
  A gnoll sergeant (D:9)
  A wyvern skeleton (D:7)
  6 water moccasin zombies
  2 troll zombies (D:9)
  4 wights (D:8)
  A vampire bat (D:4)
  2 howler monkeys (D:9)
  4 centaur zombies
  A jelly (D:5)
  A bullfrog skeleton (D:4)
  2 gnoll shamans
  3 orc priests
  5 hounds
  5 centaur skeletons
  Ijyb (D:3)
  4 iguanas
  A human skeleton (D:5)
  5 orc wizards
  A killer bee zombie (D:6)
  3 ogre zombies (D:9)
  A hound skeleton (D:4)
  3 howler monkey zombies
  2 mummies (Ossuary)
  8 adders
  13 gnolls
  2 shadow imps (D:9)
  A white imp (D:8)
  An adder zombie (Ossuary)
  A dart slug (D:3)
  30 orcs
  6 ball pythons
  10 bats
  7 endoplasms
  3 giant cockroaches
  6 gnoll zombies (Ossuary)
  7 goblins
  4 hobgoblins
  3 jackals (D:4)
  5 kobolds
  4 quokkas
  4 frilled lizards
  2 goblin zombies (D:9)
  9 hobgoblin zombies
  7 kobold zombies (Ossuary)
  5 orc skeletons
  17 orc zombies
  3 rats
272 creatures vanquished.

Vanquished Creatures (collateral kills)
  A two-headed ogre (D:9)
  2 centaur zombies (D:9)
  A centaur skeleton (D:9)
  A hellwing (D:8)
  A wraith (D:10)
  6 yaks
  A water moccasin (D:9)
  A bullfrog (D:9)
  A troll zombie (D:9)
  An orc priest (D:9)
  A howler monkey zombie (D:9)
  A shadow imp (D:9)
  An orc (D:8)
  2 orc skeletons (D:5)
  2 orc zombies
23 creatures vanquished.

Vanquished Creatures (others)
  An orc warrior (D:6)
  A goblin zombie (D:9)
  690 foxfires
  2 plants (D:1)
  12 withered plants (D:9)
706 creatures vanquished.

Grand Total: 1001 creatures vanquished

Notes
Turn   | Place    | Note
-------+----------+-------------------------------------------
     0 | D:1      | olmar the Djinni Fire Elementalist began the quest for the
                  | Orb.
     0 | D:1      | Reached XP level 1. HP: 15/15 MP: 0/0
   434 | D:1      | Reached XP level 2. HP: 20/21 MP: 0/0
   745 | D:1      | Found Ukeqe's Antique Armour Boutique.
  1284 | D:2      | Reached skill level 3 in Spellcasting
  1284 | D:2      | Reached XP level 3. HP: 22/25 MP: 0/0
  1284 | D:2      | Learned a level 1 spell: Beastly Appendage
  1900 | D:2      | Reached XP level 4. HP: 30/31 MP: 0/0
  2141 | D:3      | Noticed a black bear
  2389 | D:3      | Killed a black bear
  2390 | D:3      | Reached skill level 4 in Spellcasting
  2390 | D:3      | Reached XP level 5. HP: 26/36 MP: 0/0
  2390 | D:3      | Learned a level 2 spell: Poisonous Vapours
  2812 | D:3      | Noticed Ijyb
  2824 | D:3      | Paralysed by Ijyb for 2 turns
  2833 | D:3      | Killed Ijyb
  2834 | D:3      | Reached XP level 6. HP: 12/41 MP: 0/0
  3513 | D:4      | Reached skill level 1 in Fighting
  3917 | D:3      | Reached skill level 5 in Spellcasting
  4232 | D:4      | Reached XP level 7. HP: 41/47 MP: 0/0
  4232 | D:4      | Learned a level 3 spell: Lesser Beckoning
  4420 | D:4      | Found a burning altar of Makhleb.
  4914 | D:4      | Reached skill level 6 in Spellcasting
  4943 | D:4      | You are sucked into a shaft and drop 3 floors!
  4958 | D:6      | Reached XP level 8. HP: 50/52 MP: 0/0
  5057 | D:6      | Noticed a yak
  5066 | D:6      | Reached skill level 7 in Spellcasting
  5068 | D:6      | Killed a yak
  5273 | D:6      | Reached XP level 9. HP: 50/58 MP: 0/0
  5273 | D:6      | Learned a level 3 spell: Summon Guardian Golem
  5285 | D:6      | Reached skill level 8 in Spellcasting
  5382 | D:6      | Noticed an eight-headed hydra
  5386 | D:6      | Found Esot's Overcharged Wands.
  5409 | D:5      | Entered Level 5 of the Dungeon
  5517 | D:5      | Found a sand-covered staircase.
  5538 | Ossuary  | Entered an ossuary
  6854 | D:5      | Reached skill level 9 in Spellcasting
  6885 | D:5      | Found an opulent altar of Gozag.
  6995 | D:5      | Became a worshipper of Gozag Ym Sagoz the Greedy
  7008 | D:5      | Found a staircase to the Ecumenical Temple.
  7076 | D:5      | Found Nasanollo's Specific Store.
  7082 | D:5      | Found Neasches's General Store.
  7570 | D:6      | Killed an eight-headed hydra
  7571 | D:6      | Reached skill level 5 in Dodging
  7571 | D:6      | Reached XP level 10. HP: 57/67 MP: 0/0
  7738 | D:6      | Reached skill level 5 in Stealth
  7932 | D:6      | Found a broken altar of Ashenzari.
  8153 | D:7      | Found Zumew's Weapon Shop.
  8784 | D:7      | Noticed Maggie
  8805 | D:7      | Killed Maggie
  8993 | D:7      | Noticed Pikel
  9028 | D:7      | Killed Pikel
  9029 | D:7      | Reached skill level 10 in Spellcasting
  9584 | D:8      | Found a runed translucent gate.
  9585 | D:8      | Found a runed translucent gate.
  9586 | D:8      | Found a runed translucent gate.
  9589 | D:8      | Noticed yellowboar's ghost (novice MiBe)
  9757 | D:8      | Reached XP level 11. HP: 72/72 MP: 0/0
  9757 | D:8      | Learned a level 5 spell: Summon Mana Viper
 10184 | D:8      | Reached skill level 1 in Shields
 10621 | D:8      | Found a hazy altar of Hepliaklqana.
 11208 | D:9      | Noticed a two-headed ogre
 11230 | D:9      | Killed a two-headed ogre
 11518 | D:9      | Identified the +1 trident of Overwhelming Force {speed,
                  | *Corrode +Rage Dex+5}
 11770 | D:9      | Found a staircase to the Orcish Mines.
 12085 | D:9      | Reached skill level 11 in Spellcasting
 13362 | D:9      | Found Uceidgham's Self-Improvement Boutique.
 13719 | D:9      | Found an ornate altar of the Wu Jian Council.
 14207 | D:10     | Entered Level 10 of the Dungeon
 14287 | D:10     | Noticed a brown ugly thing
 14287 | D:10     | Noticed a brown ugly thing
 14287 | D:10     | Noticed a white ugly thing
 14289 | D:10     | Noticed a brown ugly thing
 14290 | D:10     | Noticed a white ugly thing
 14317 | D:10     | Killed a brown ugly thing
 14318 | D:10     | Reached XP level 12. HP: 24/79 MP: 0/0
 14905 | D:10     | Found a staircase to the Lair.
 15032 | D:5      | Identified the +8 long sword of Checks and Balances
                  | {freeze, Dex+4}
 15218 | D:10     | Reached skill level 12 in Spellcasting
 15763 | D:10     | Reached skill level 1 in Long Blades
 16073 | D:10     | Reached skill level 5 in Fighting
 16073 | D:10     | Demolished by a white ugly thing

Illustrated notes

Levels and vault maps discovered:
D:1:      elethiomel_arrival_quiet, layout_basic, serial_shops, shop,
          serial_bayou_pond_a
D:2:      layout_rooms, serial_forest, infiniplex_forest_pool,
          infiniplex_forest_lined_2, infiniplex_forest_clump_double,
          infiniplex_forest_clump_small, infiniplex_forest_clump_small,
          kennysheep_generic_room_13
D:3:      layout_rooms, nicolae_overflow_hidden_temple, dk_noncrumbling_2,
          uniq_ijyb
D:4:      cheibrodos_quashed, layout_rooms, bloody_makhleb, roderic_batcave
D:5:      layout_basic, old_standard_altar, minmay_temple_entry_mist,
          nicolae_ossuary_entry_catacombs, nicolae_specific_store
D:6:      cheibrodos_fzero, layout_rooms, ashenzari_conservatory_becter,
          nicolae_shop_overcharged_wands
D:7:      layout_rooms, nicolae_stop_n_shop_2, uniq_pikel, uniq_maggie
D:8:      layout_loops_ring, nicolae_hepliaklqana_hippocampus,
          gammafunk_ghost_spectres, dk_noncrumbling_3
D:9:      cheibrodos_grave_circle, layout_loops_cross,
          nicolae_wu_jian_glorious_leap, zombieorc2_lemuel,
          nicolae_shop_self_help
D:10:     cheibrodos_breeding_chamber, layout_loops_ring, david_lair_shrubbed,
          lightli_orcish_oven

Skill      XL: |  1  2  3  4  5  6  7  8  9 10 11 12 |
---------------+-------------------------------------+-----
Spellcasting   | 3 4 5 6 7 9 10 11 12 | 12.2
Stealth        | 2 4 6 |  6.5
Fighting       | 1 2 3 4 5 |  5.0
Dodging        | 3 5 6 7 |  7.0
Shields        | 2 |  2.3
Long Blades    | 2 |  2.2

Action                   |  1- 3 |  4- 6 |  7- 9 | 10-12 || total
-------------------------+-------+-------+-------+-------++-------
Melee: Unarmed           |     1 |    11 |       |       ||    12
       Hand axe          |       |       |   116 |   109 ||   225
       Headbutt          |       |       |     4 |       ||     4
       Long sword        |       |       |       |    28 ||    28
 Cast: Foxfire           |    30 |    50 |   179 |   176 ||   435
       Scorch            |    11 |    24 |    25 |   114 ||   174
       Poisonous Vapours |       |       |    15 |    47 ||    62
       Conjure Flame     |       |       |     5 |     3 ||     8
       Summon Guardian G |       |       |     3 |     6 ||     9
       Beastly Appendage |       |       |     1 |       ||     1
       Flame Wave        |       |       |     1 |       ||     1
       Summon Mana Viper |       |       |       |    19 ||    19
Evoke: Wand              |       |       |     4 |     7 ||    11
  Use: Potion            |       |     1 |     2 |     2 ||     5
       Scroll            |       |       |     7 |     5 ||    12
 Stab: Sleeping          |       |     1 |     1 |     4 ||     6
       Paralysed         |       |       |    16 |    13 ||    29
       Distracted        |       |       |       |     1 ||     1
Armor: Robe              |     1 |    20 |    87 |    70 ||   178
Dodge: Dodged            |     6 |    35 |   163 |   165 ||   369
Block: Other             |       |       |       |    51 ||    51
       Reflection        |       |       |       |     1 ||     1

Table legend: (Time is in decaauts)
 A = Elapsed time spent in this place.
 B = Non-inter-level travel time spent in this place.
 C = Inter-level travel time spent in this place.
 D = Time resting spent in this place.
 E = Time spent auto-exploring this place.
 F = Levels seen in this place.
 G = Mean time per level.
                   A        B        C        D        E       F      G
               +--------+--------+--------+--------+--------+-----+--------+
         Total |  16169 |  15441 |    728 |   6847 |   6320 |  11 | 1469.9 |
       Dungeon |  15440 |  14712 |    728 |   6457 |   6120 |  10 | 1544.0 |
       Ossuary |    729 |    729 |      0 |    390 |    200 |   1 |  729.0 |
               +--------+--------+--------+--------+--------+-----+--------+

Top non-repeatable levels by time:
     D:9: 2625 daAuts
     D:8: 2443 daAuts
     D:3: 2179 daAuts
    D:10: 1694 daAuts
     D:7: 1410 daAuts
     D:5: 1297 daAuts
     D:1: 1030 daAuts
     D:2: 981 daAuts
     D:4: 934 daAuts
     D:6: 843 daAuts
 Ossuary: 729 daAuts
